 Dungeon Crawl Stone Soup version 0.25-a0-341-g6f074c887a (webtiles) character file.

Game seed: 13058139669098531684, levelgen mode: classic

201 Borgoz the Cudgeler (level 5, -2/48 HPs)
             Began as a Gargoyle Gladiator on Dec 30, 2019.
             Slain by Sigmund
             ... wielding a +4 scythe of protection
              (5 damage)
             ... on level 3 of the Dungeon.
             The game lasted 00:03:19 (2306 turns).

Borgoz the Cudgeler (Gargoyle Gladiator)            Turns: 2306, Time: 00:03:20

Health: -2/48      AC: 22    Str: 23    XL:     5   Next: 79%
Magic:  5/5        EV:  2    Int:  8    God:
Gold:   86         SH:  0    Dex: 12    Spells: 4/4 levels left

rFire    . . .     SeeInvis .   a - +0 flail
rCold    . . .     Gourm    .   (no shield)
rNeg     + + +     Faith    .   (armour currently unavailable)
rPois    ∞         Spirit   .   (helmet currently unavailable)
rElec    .         Reflect  .   (cloak currently unavailable)
rCorr    .         Harm     .   (gloves currently unavailable)
MR       .....     NoTele   +   (boots currently unavailable)
Stlth    +.........             (no amulet)
HPRegen  0.16/turn              (no ring)
MPRegen  0.09/turn              (no ring)

@: mighty, tree-form
A: negative energy resistance 1, petrification resistance, rot immunity, AC +4
a: no special abilities


You were on level 3 of the Dungeon.
You were not hungry.
You were a tree.
You visited 1 branch of the dungeon, and saw 3 of its levels.

You collected 86 gold pieces.

Inventory:

Hand Weapons
 a - a +0 flail (weapon)
Armour
 b - a +0 leather armour (melded)
 c - a +0 helmet (melded)
Scrolls
 e - a scroll of fear {unknown}
 g - a scroll of immolation {unknown}
 h - 2 scrolls of identify {unknown}
 i - 2 scrolls of remove curse {unknown}
 k - 2 scrolls of teleportation {unknown}
 l - a scroll of blinking {unknown}
Comestibles
 f - 5 rations


   Skills:
 + Level 3.4 Fighting
 * Level 4.5 Maces & Flails
 - Level 1.7 Throwing
 + Level 2.3 Armour
 + Level 3.1 Dodging


You had 4 spell levels left.
You didn't know any spells.
Your spell library was empty.

Dungeon Overview and Level Annotations

Branches:
Dungeon (3/15)

Altars:
Ashenzari
Gozag
Kikubaaqudgha
Makhleb
Nemelex Xobeh
Uskayaw
Vehumet

Annotations:
D:3 Sigmund


Innate Abilities, Weirdness & Mutations

You are resistant to torment.
((Your stone body is resilient. (AC +4)))
You are immune to poison.
You resist negative energy. (rN+)
((You are resistant to electric shocks. (rElec)))
((You can survive without breathing.))
You are immune to petrification.
You are immune to rotting.


Message History

You closely miss something. Something hits you but does no damage.
You barely miss something.
You hear some strange, mumbled words.
You are confused.
You cannot move. (Use ctrl+direction or * direction to attack without moving.)
You cannot move. (Use ctrl+direction or * direction to attack without moving.)
You cannot move. (Use ctrl+direction or * direction to attack without moving.)
You cannot move. (Use ctrl+direction or * direction to attack without moving.)
You cannot move. (Use ctrl+direction or * direction to attack without moving.)
You cannot move. (Use ctrl+direction or * direction to attack without moving.)
You swing at nothing.
Something hits you but does no damage.
You swing at nothing.
Something hits you.
* * * LOW HITPOINT WARNING * * *
You completely miss something. Something hits you but does no damage.
You completely miss something. Something hits you but does no damage.
It was a potion of flight.
Your roots keep you in place.
You swing at nothing.
You feel less confused. Something hits you.
You die...

##.............# #
#####.###...#.# #
#.#.#.### # #.#.....#
# #.###.#.# #
#.....).##########
#####...#.........
#.#######...#.########
#....♣{h....#.# #...#
##########..#.# #.#.#
.........#.# #.#<#
##########.#.####.###
...%...(.#@#.....<#..
........@.h######....
########...(........#
#.########.### ### ###


You could see a jackal.

Vanquished Creatures
  A sky beast (D:2)
  A gnoll (D:1)
  4 adders
  3 worms
  A dart slug (D:1)
  3 leopard geckos
  An orc (D:3)
  4 giant cockroaches
  A goblin (D:1)
  6 hobgoblins
  8 jackals
  10 kobolds
  A ball python (D:2)
  2 bats
  2 frilled lizards
  7 rats
55 creatures vanquished.

Notes
Turn   | Place    | Note
-------+----------+-------------------------------------------
     0 | D:1      | Borgoz the Gargoyle Gladiator began the quest for the Orb.
     0 | D:1      | Reached XP level 1. HP: 12/12 MP: 1/1
   113 | D:1      | Reached XP level 2. HP: 18/18 MP: 2/2
   166 | D:1      | Reached skill level 1 in Armour
   440 | D:1      | Reached XP level 3. HP: 20/22 MP: 3/3
   960 | D:2      | Noticed a sky beast
  1008 | D:2      | Killed a sky beast
  1008 | D:2      | Reached skill level 4 in Maces & Flails
  1008 | D:2      | Reached XP level 4. HP: 10/28 MP: 4/4
  1008 | D:2      | Reached XP level 5. HP: 11/32 MP: 5/5
  1374 | D:2      | Found an opulent altar of Gozag.
  1484 | D:2      | Found a hide-covered altar of Uskayaw.
  1484 | D:2      | Noticed a +0 hand axe
  1484 | D:2      | Noticed a +0 hand axe
  1514 | D:2      | Found a shattered altar of Ashenzari.
  1518 | D:2      | Found a radiant altar of Vehumet.
  1518 | D:2      | Found a sparkling altar of Nemelex Xobeh.
  1532 | D:2      | Found an ancient bone altar of Kikubaaqudgha.
  1534 | D:2      | Found a burning altar of Makhleb.
  2254 | D:3      | Noticed Sigmund
  2302 | D:3      | HP: 2/48 [something (6)]
  2306 | D:3      | Slain by Sigmund

Levels and vault maps discovered:
D:1:      dpeg_arrival_three_same_balls, layout_loops_ring, minmay_fountain_box
D:2:      layout_loops_cross, dancing_weapons_uskayaw, grunt_gozag_breadcrumbs,
          minmay_overflow_temple_star_hex, hangedman_abyss_or_decor_lesser_grid
D:3:      layout_basic, first_ration, uniq_sigmund

Skill      XL: |  1  2  3 |
---------------+----------+-----
Armour         | 1 2 |  2.3
Fighting       | 3 |  3.4
Maces & Flails | 4 |  4.5
Dodging        | 3 |  3.1
Throwing       | |  1.7

Action                   |  1- 3 |  4- 6 || total
-------------------------+-------+-------++-------
Melee: Flail             |    87 |   133 ||   220
Throw: Throwing net      |     4 |     2 ||     6
  Use: Potion            |       |     5 ||     5
  Eat: Chunk             |       |     5 ||     5
Armor: Leather armour    |    41 |    61 ||   102
       Skin              |       |     6 ||     6
Dodge: Dodged            |    69 |   103 ||   172

Table legend:
 A = Non-vault XP
 B = Vault XP
 C = Vault XP percentage of total XP
 D = Non-vault monster count
 E = Vault monster count
 F = Vault count percentage of total count
                 A         B        C        D         E       F
            +---------+---------+-------+---------+---------+-------
      Total |     288 |       0 |   0.0 |      55 |       0 |   0.0
            +---------+---------+-------+---------+---------+-------
        D:1 |      48 |       0 |   0.0 |      19 |       0 |   0.0
        D:2 |     166 |       0 |   0.0 |      17 |       0 |   0.0
        D:3 |      74 |       0 |   0.0 |      19 |       0 |   0.0
            +---------+---------+-------+---------+---------+-------
